 Dungeon Crawl Stone Soup version 0.27.1 (webtiles) character file.

Game seed: 7409125530641743679

304 acemry the Cudgeller (level 6, -11/51 HPs)
             Began as a Minotaur Fighter on Sept 3, 2021.
             Mangled by an orc warrior (17 damage)
             ... on level 4 of the Dungeon.
             The game lasted 00:06:46 (2593 turns).

acemry the Cudgeller (Minotaur Fighter)             Turns: 2593, Time: 00:06:47

Health: -11/51     AC:  6    Str: 25    XL:     6   Next: 15%
Magic:  5/5        EV: 10    Int:  8    God:
Gold:   143        SH:  7    Dex: 15    Spells: 5/5 levels left

rFire    . . .     SeeInvis .   a - +0 flail
rCold    . . .     Faith    +   k - +2 buckler
rNeg     . . .     Spirit   .   b - +0 scale mail
rPois    .         Reflect  .   (helmet restricted)
rElec    .         Harm     .   (no cloak)
rCorr    .         Rampage  .   (no gloves)
Will     .....                  (no boots)
Stlth    ..........             e - amulet of Wiceqiy {Faith Regen+ Str+2 Int+3}
HPRegen  1.17/turn              g - +6 ring of dexterity
MPRegen  0.09/turn              (no ring)

@: no status effects
A: horns 2, retaliatory headbutt
a: no special abilities


You were on level 4 of the Dungeon.
You visited 1 branch of the dungeon, and saw 5 of its levels.

You collected 187 gold pieces.
You spent 44 gold pieces at shops.

Inventory:

Hand Weapons
 a - a +0 flail (weapon)
 f - a +2 antimagic dagger
Missiles
 i - 68 arrows
Armour
 b - a +0 scale mail (worn)
 c - a +0 kite shield
 k - a +2 buckler (worn)
Jewellery
 e - the amulet of Wiceqiy (around neck) {Faith Regen+ Str+2 Int+3}
   (You acquired it on level 1 of the Dungeon)

   [amulet of faith]

   It allows you to gain divine favour quickly.
   Str:       It affects your strength (+2).
   Int:       It affects your intelligence (+3).
   Regen:     It increases your rate of health regeneration.
 g - a +6 ring of dexterity (left hand)
 j - an amulet of reflection
 n - an amulet of faith
Scrolls
 h - 10 scrolls of identify
 m - a scroll of fog {unknown}
 o - a scroll of teleportation
Potions
 d - 2 potions of might


   Skills:
 - Level 3.6 Fighting
 + Level 7.7 Maces & Flails
 - Level 3.6 Armour
 - Level 4.0 Shields


You had 5 spell levels left.
You didn't know any spells.
Your spell library contained the following spells:

 Spells                   Type           Power      Damage    Failure   Level
 Blink                    Tloc           N/A        N/A       83%         2
 Lesser Beckoning         Tloc           0%         N/A       96%         3
 Manifold Assault         Tloc           0%         N/A       100%        5


Dungeon Overview and Level Annotations

Branches:
Dungeon (5/15)
 Temple: D:4-7

Altars:

Shops:
D:1 ?   D:3 =


Innate Abilities, Weirdness & Mutations

You have a pair of horns on your head.
You reflexively headbutt those who attack you in melee.


Message History

You headbutt the iguana. You sock the iguana! Your headbutt misses the iguana.
The iguana is almost dead.
You block the iguana's attack.
You closely miss the iguana.
The iguana is almost dead.
You block the iguana's attack.
You hit the iguana but do no damage.
You headbutt the iguana, but do no damage.
The iguana is almost dead.
The iguana bites you!
You hit the iguana.
You kill the iguana!
You start resting.
HP restored.
You climb upwards.
There is a stone staircase leading down, spattered with blood here.
Found a hunting sling.
You now have 143 gold pieces (gained 10).
An orc warrior is nearby!
An orc warrior is nearby!
The orc warrior hits you from afar with a +0 glaive!!
The orc warrior closely misses you.
You hit the orc warrior but do no damage.
You headbutt the orc warrior.
The orc warrior is lightly wounded.
You block the orc warrior's attack.
You thump the orc warrior!
The orc warrior is moderately wounded.
The orc warrior hits you with a +0 glaive!
The orc wizard hits you with a +0 dagger.
You barely miss the orc warrior. Your headbutt misses the orc warrior.
The orc warrior is moderately wounded.
The orc warrior hits you with a +0 glaive!!
* * * LOW HITPOINT WARNING * * *
The orc wizard hits you but does no damage.
You thump the orc warrior!
The orc warrior is severely wounded.
The orc warrior hits you with a +0 glaive!
You die...

#..# ).... .. #...###
.#... ... #....####...#
....####...##....#
..............#
#....###..†...#######
....$<.....>.........
#.....o............
##.#.o@..##.......#
###.#.#........####.
...#.........#.##.....
..................###..
...##.##.....##.... .
####.#...# #####
#...#...# ####.
##.#.#...####.....
##..#............#


You could see an orc warrior and an orc wizard.

Vanquished Creatures
  An ogre (D:4)
  An iguana (D:5)
  2 orc wizards
  7 adders
  2 worms (D:3)
  4 orcs (D:3)
  6 bats
  3 endoplasms
  7 goblins
  5 hobgoblins
  9 jackals
  3 quokkas
  6 ball pythons
  6 frilled lizards
  4 kobolds
  10 rats
76 creatures vanquished.

Notes
Turn   | Place    | Note
-------+----------+-------------------------------------------
     0 | D:1      | acemry the Minotaur Fighter began the quest for the Orb.
     0 | D:1      | Reached XP level 1. HP: 19/19 MP: 0/0
    63 | D:1      | Identified a scroll of acquirement
    63 | D:1      | Acquired the amulet of Wiceqiy {Faith Regen+ Str+2 Int+3}
    79 | D:1      | Reached skill level 3 in Maces & Flails
   361 | D:1      | Reached XP level 2. HP: 26/26 MP: 1/1
   692 | D:1      | Found Xobbeina's Magic Scroll Boutique.
   703 | D:1      | Bought a scroll of identify for 22 gold pieces
   741 | D:1      | Reached skill level 4 in Maces & Flails
   843 | D:2      | Reached XP level 3. HP: 31/31 MP: 2/2
   888 | D:1      | Bought a scroll of identify for 22 gold pieces
  1029 | D:2      | Reached skill level 5 in Maces & Flails
  1096 | D:2      | Reached XP level 4. HP: 39/39 MP: 3/3
  1678 | D:3      | Found a faded altar of an unknown god.
  1902 | D:3      | Reached skill level 6 in Maces & Flails
  1943 | D:3      | Found Yqacatso's Jewellery Boutique.
  2171 | D:3      | Reached XP level 5. HP: 45/45 MP: 4/4
  2407 | D:4      | Noticed an ogre
  2410 | D:4      | Killed an ogre
  2411 | D:4      | Reached skill level 7 in Maces & Flails
  2482 | D:4      | Noticed an orc warrior
  2486 | D:4      | HP: 2/45 [orc wizard (3)]
  2495 | D:5      | Entered Level 5 of the Dungeon
  2551 | D:5      | Reached XP level 6. HP: 27/51 MP: 5/5
  2593 | D:4      | Mangled by an orc warrior

Illustrated notes

Levels and vault maps discovered:
D:1:      dpeg_arrival_snail, layout_basic, serial_shops, shop
D:2:      layout_basic, kennysheep_pointless_box, minmay_rat_gold_closets
D:3:      layout_basic, hellmonk_ecumenical_altar_lost_god, serial_shops,
          shop_fountains
D:4:      layout_rooms, minmay_temple_entry_oklob, minmay_misc_feat_pillars,
          grunt_decor_clamped
D:5:      layout_loops_ring, minmay_misc_feat_square, serial_park_tiny_2,
          uniq_eustachio, uniq_crazy_yiuf_cottage, uniq_grinder

Skill      XL: |  1  2  3  4  5 |
---------------+----------------+-----
Maces & Flails | 3 4 5 6 7 |  7.7
Shields        | 4 |  4.0
Fighting       | |  3.6
Armour         | |  3.6

Action                   |  1- 3 |  4- 6 || total
-------------------------+-------+-------++-------
Melee: Flail             |    65 |    73 ||   138
       Headbutt          |    12 |    17 ||    29
  Use: Scroll            |     2 |       ||     2
       Potion            |       |     1 ||     1
Armor: Scale mail        |    36 |    27 ||    63
Dodge: Dodged            |    47 |    25 ||    72
Block: Buckler           |       |    21 ||    21
